 Dungeon Crawl Stone Soup version 0.17-a0-1596-g1e86911 (webtiles) character file.

159 urechis the Ruffian (level 5, 0/53 HPs)
             Began as a Troll Monk on July 31, 2015.
             Slain by Sigmund
             ... wielding a +0 scythe
              (4 damage)
             ... on level 3 of the Dungeon.
             The game lasted 00:03:42 (2273 turns).

urechis the Ruffian (Troll Monk)                    Turns: 2273, Time: 00:03:42

Health: 0/53       AC:  5    Str: 19    XL:     5   Next: 17%
Magic:  4/4        EV: 10    Int:  6    God:
Gold:   112        SH:  0    Dex: 13    Spells: 0 memorised, 4 levels left

rFire  . . .     SeeInvis .       - Unarmed
rCold  . . .     Clarity  .     a - +0 robe
rNeg   . . .     SustAt   .     (no shield)
rPois  .         Gourm    +     (helmet restricted)
rElec  .         Spirit   .     (no cloak)
rCorr  +         Warding  .     (gloves unavailable)
rMut   .         Stasis   .     (boots unavailable)
MR     .....                    j - amulet of resist corrosion
Stlth  +.........               (no ring)
                                (no ring)

@: confused, not resistant to hostile enchantments, very unstealthy
A: unfitting armour, claws 3, fast metabolism 3, gourmand, regeneration 2,
shaggy fur 1, tough skin 2
a: no special abilities


You were on level 3 of the Dungeon.
You were very full.

You visited 1 branch of the dungeon, and saw 3 of its levels.

You collected 112 gold pieces.

Inventory:

Armour
 a - a +0 robe (worn)
 k - a +0 shield
Jewellery
 j - an amulet of resist corrosion (around neck)
Scrolls
 c - a scroll of random uselessness {unknown}
 i - 3 scrolls of identify {unknown}
Potions
 d - a potion of ambrosia
 e - a potion of might {unknown}
 h - a potion of degeneration {unknown}
 l - a potion of curing {unknown}
Comestibles
 b - 3 bread rations
 f - 2 beef jerkies
 g - a meat ration


   Skills:
 + Level 3.4 Fighting
 - Level 2.4 Dodging
 - Level 1.1 Stealth
 * Level 5.8 Unarmed Combat


You had 4 spell levels left.
You didn't know any spells.

Dungeon Overview and Level Annotations

Branches:
Dungeon (3/15)

Altars:
Cheibriados
Gozag
Nemelex Xobeh
Vehumet
Yredelemnul
Zin
The Shining One

Annotations:
D:3 Sigmund


Innate Abilities, Weirdness & Mutations

You are too large for most types of armour.
You have claws for hands.
Your metabolism is lightning-fast.
You like to eat raw meat.
You heal very quickly.
You are covered in fur (AC +1).
You have very tough skin (AC +2).


Message History

You closely miss something. You closely miss something. Something hits you.
You claw something! You scratch something. Something completely misses you.
You claw something! Something hits you!
* * * LOW HITPOINT WARNING * * *
You miss something. You miss something. Something hits you.
* * * LOW HITPOINT WARNING * * *
You scratch something but do no damage. You barely miss something.
You hear some strange, mumbled words.
You are confused.
You bump into the rock wall.
Something hits you!
* * * LOW HITPOINT WARNING * * *
Drink which item? (? for menu, Esc to quit)
It was a potion of ambrosia.
You are more confused.
You feel invigorated. Something hits you.
You die...

# ##. ..# ######### #.# #.#
#........ ### ######
#....#.##.####### #.. .....#
#.{@)>.## #.# ####.#
#####...##### #.. ####.########
#......... ##. [...........#
##...##### #. ####.#.##.#)#
#...# #. .....#.##.#.# #...#
###. ######.#..).# #...# #...
#.....<...#.### #...# ##.##
..####........####...########..#


There were no monsters in sight!

Vanquished Creatures
  The ghost of cmdexe the Chopper, an average HOSk of Ashenzari (D:3)
  An adder (D:2)
  An ooze (D:2)
  A worm (D:2)
  A ball python (D:1)
  A giant cockroach (D:2)
  5 hobgoblins
  9 kobolds
  A quokka (D:2)
  7 bats
  6 giant geckos
  2 giant newts
  8 goblins
  7 rats
51 creatures vanquished.

Notes
Turn   | Place    | Note
--------------------------------------------------------------
     0 | D:1      | urechis the Troll Monk began the quest for the Orb.
     0 | D:1      | Reached XP level 1. HP: 22/22 MP: 0/0
   276 | D:1      | Reached XP level 2. HP: 29/29 MP: 1/1
  1190 | D:2      | Found a faded altar to an unknown god.
  1200 | D:2      | Reached XP level 3. HP: 36/36 MP: 2/2
  1297 | D:2      | Found a basalt altar of Yredelemnul.
  1299 | D:2      | Found a glowing golden altar of the Shining One.
  1300 | D:2      | Found a sparkling altar of Nemelex Xobeh.
  1300 | D:2      | Found a radiant altar of Vehumet.
  1301 | D:2      | Found an opulent altar of Gozag.
  1301 | D:2      | Found a snail-covered altar of Cheibriados.
  1302 | D:2      | Found a glowing silver altar of Zin.
  1488 | D:2      | Reached skill level 5 in Unarmed Combat
  1817 | D:2      | Reached XP level 4. HP: 43/45 MP: 3/3
  2051 | D:3      | Noticed cmdexe's ghost (average HOSk)
  2060 | D:3      | Killed cmdexe's ghost
  2060 | D:3      | Reached XP level 5. HP: 44/53 MP: 4/4
  2252 | D:3      | Noticed Sigmund
  2272 | D:3      | HP: 1/53 [something (12)]
  2273 | D:3      | Slain by Sigmund

Vault maps used:
D:1:      dpeg_arrival_shrine, st_stairs_7
D:2:      grunt_temple_overflow_open, ecumenical_altar_2
D:3:      minmay_statues_item, uniq_sigmund, uniq_iyjb

Action                   |  1- 3 |  4- 6 || total
-------------------------+-------+-------++-------
Melee: Unarmed           |   112 |    30 ||   142
  Use: Potion            |       |     1 ||     1
 Stab: Sleeping          |     5 |       ||     5
  Eat: Chunk             |    18 |     7 ||    25
